 Dungeon Crawl Stone Soup version 0.19-a0-1007-g133f65f (webtiles) character file.

2198 Charly the Unseen (level 9, -1/61 HPs)
             Began as a Vampire Assassin on July 20, 2016.
             Was a Follower of Makhleb.
             Slain by a hill giant
             ... wielding a +0 giant club
              (17 damage)
             ... on level 10 of the Dungeon.
             The game lasted 00:38:31 (2303 turns).

Charly the Unseen (Vampire Assassin)                Turns: 2303, Time: 00:38:32

Health: -1/61      AC:  0    Str: 10    XL:     9   Next: 12%
Magic:  7/9        EV: 19    Int: 13    God:    Makhleb [*.....]
Gold:   140        SH:  0    Dex: 24    Spells: 0 memorised, 8 levels left

rFire  . . .     SeeInvis +     (weapon currently unavailable)
rCold  + . .     Gourm    .     (armour currently unavailable)
rNeg   + + .     Faith    .     (shield currently unavailable)
rPois  +         Spirit   .     (helmet currently unavailable)
rElec  .         Dismiss  .     (cloak currently unavailable)
rCorr  .         Reflect  .     (gloves currently unavailable)
SustAt .         Harm     .     (boots currently unavailable)
MR     .....                    (no amulet)
Stlth  +++++++++.               (ring currently unavailable)
                                (ring currently unavailable)

@: bat-form, flying, regenerating slowly, very quick, not resistant to hostile
enchantments, incredibly stealthy
A: fangs 3, see invisible, (unbreathing)
a: End Transformation, Renounce Religion


You were on level 10 of the Dungeon.
You worshipped Makhleb.
Makhleb was aware of your devotion.
You were thirsty.
You were in vampire-bat-form.
You visited 2 branches of the dungeon, and saw 14 of its levels.

You collected 140 gold pieces.

Inventory:

Hand Weapons
 a - a +2 dagger (melded)
 b - a +0 blowgun
Missiles
 k - 23 poisoned needles
 r - a curare-tipped needle
Armour
 c - a +0 robe (melded)
 d - a +0 cloak (melded)
 n - a +0 pair of boots (melded)
Jewellery
 m - a ring of protection from magic (melded)
 q - a ring of stealth (melded)
 S - an uncursed ring of sustain attributes
Wands
 i - a wand of slowing (14/48)
Potions
 f - 2 potions of blood
 g - a potion of flight {unknown}
 h - a potion of agility
 j - a potion of heal wounds
 l - a potion of might {unknown}
 o - 2 potions of degeneration {unknown}
 p - a potion of mutation {unknown}
 s - a potion of haste {unknown}
Books
 e - a book of Cantrips

   Spells                             Type                      Level
   a - Confusing Touch                Hexes                        1
   b - Animate Skeleton               Necromancy                   1
   c - Summon Small Mammal            Summoning                    1
   d - Apportation                    Translocation                1


   Skills:
 - Level 1.7 Fighting
 - Level 2.1 Short Blades
 - Level 1.5 Throwing
 - Level 1.1 Dodging
 + Level 17.9 Stealth


You had 8 spell levels left.
You didn't know any spells.

Dungeon Overview and Level Annotations

Branches:
Dungeon (13/15)            Temple (1/1) D:7
   Lair: D:8-11         Orc: D:9-12      Vaults: D:13-14

Altars:
Cheibriados
Dithmenos
Fedhas
Gozag
Makhleb
Nemelex Xobeh
Okawaru
Trog
Zin
Lugonu

Annotations:
D:5 removeelyvilon's ghost, novice DrTm
D:7 Rationalist's ghost, novice FoFi


Innate Abilities, Weirdness & Mutations

You heal slowly.
You have razor-sharp teeth.
You have supernaturally acute eyesight. (SInv)
((You can survive without breathing.))


Message History

Unknown command.
Search for what [Enter for "short", or ? for help]? pot Search for what [Enter for "pot", or ? for help]? roll
Found a ring mail.
You open the door.
There is an open door here.
You open the door.
There is an open door here.
You open the door.
A hill giant comes into view. It is wielding a giant club.
There is an open door here.
The hill giant hits you with a giant club!
You turn into a vampire bat.
Your +2 dagger melds into your body.
Your +0 cloak melds into your body.
Your +0 pair of boots melds into your body.
Your +0 robe melds into your body.
Your ring of protection from magic melds into your body.
Your ring of stealth melds into your body.
The hill giant hits you with a giant club!
You die...

# # +####
####### ..#.#
....... #.#.#
###### #.#.. #
#.#.# # #.#.# #
.#######.#.# #
........bC.# ##
######'#### .#
#.....# .###
#.#####
...########'####
........##.....#
...####..'.....#
...# ####.....#
...# #.....#


You could see a hill giant.

Vanquished Creatures
  A hill giant (D:13)
  A two-headed ogre (D:12)
  A troll (D:13)
  A hog (D:8)
  A hungry ghost (D:9)
  A black bear (D:7)
  An ice beast (D:5)
  2 ogres
  2 big kobolds
  A giant frog (D:9)
  A crimson imp (D:8)
  2 hounds
  An orc priest (D:5)
  A gnoll shaman (D:8)
  2 orc wizards
  2 giant frog skeletons (D:5)
  An iguana (D:4)
  A worker ant (D:7)
  2 sheep (D:8)
  A hound zombie (D:9)
  A worker ant zombie (D:5)
  8 gnolls
  An adder (D:9)
  2 shadow imps
  An adder skeleton (D:9)
  A giant gecko (D:4)
  6 orcs
  2 giant cockroaches
  A quokka (D:7)
  A ball python (D:5)
  A ball python skeleton (D:5)
  2 giant newts
  2 jackal skeletons
  A kobold (D:9)
  A quokka skeleton (D:5)
  A rat (D:3)
58 creatures vanquished.

Notes
Turn   | Place    | Note
-------+----------+-------------------------------------------
     0 | D:1      | Charly the Vampire Assassin began the quest for the Orb.
     0 | D:1      | Reached XP level 1. HP: 16/16 MP: 1/1
   106 | D:3      | Reached skill level 6 in Stealth
   194 | D:3      | Reached XP level 2. HP: 22/22 MP: 2/2
   219 | D:3      | Reached skill level 7 in Stealth
   227 | D:3      | Reached XP level 3. HP: 13/27 MP: 3/3
   258 | D:3      | rM+
   416 | D:4      | Reached skill level 8 in Stealth
   470 | D:4      | Reached XP level 4. HP: 12/33 MP: 2/4
   532 | D:4      | Reached skill level 9 in Stealth
   587 | D:5      | Entered Level 5 of the Dungeon
   587 | D:5      | Noticed an ice beast
   587 | D:5      | Noticed an ogre
   593 | D:5      | Killed an ogre
   593 | D:5      | Reached skill level 10 in Stealth
   593 | D:5      | Reached XP level 5. HP: 27/38 MP: 5/5
   617 | D:5      | Killed an ice beast
   617 | D:5      | Reached skill level 11 in Stealth
   617 | D:5      | Reached XP level 6. HP: 34/44 MP: 6/6
   691 | D:5      | stealth+
   818 | D:5      | HP: 2/44 [giant frog skeleton (5)]
   823 | D:5      | waste magic
   898 | D:5      | Noticed removeelyvilon's ghost (novice DrTm)
   946 | D:5      | Reached skill level 12 in Stealth
  1039 | D:7      | Noticed a sky beast
  1142 | D:7      | Noticed Rationalist's ghost (novice FoFi)
  1366 | D:7      | Found a bloodstained altar of Trog.
  1366 | D:7      | Noticed a hippogriff
  1420 | D:7      | Found a staircase to the Ecumenical Temple.
  1424 | Temple   | Entered the Ecumenical Temple
  1437 | Temple   | Became a worshipper of Makhleb the Destroyer
  1487 | D:7      | Reached XP level 7. HP: 47/49 MP: 7/7
  1503 | D:8      | Noticed a hog
  1512 | D:8      | Killed a hog
  1512 | D:8      | Reached skill level 13 in Stealth
  1556 | D:8      | Noticed a yak
  1604 | D:9      | Reached skill level 14 in Stealth
  1613 | D:9      | Noticed a hungry ghost
  1648 | D:9      | Killed a hungry ghost
  1684 | D:9      | Reached XP level 8. HP: 23/55 MP: 8/8
  1710 | D:10     | Entered Level 10 of the Dungeon
  1756 | D:9      | Reached * piety under Makhleb
  1782 | D:9      | Reached skill level 15 in Stealth
  1829 | D:13     | Noticed a centaur warrior
  1832 | D:12     | Noticed an ogre mage
  1832 | D:12     | Noticed a two-headed ogre
  1832 | D:12     | Noticed a two-headed ogre
  1929 | D:12     | Charly: this is fucking stupid
  1929 | D:12     | Charly: I only get marked when playing stealth class
  1929 | D:12     | Charly: it would never happen if I was heavy melee
  1979 | D:12     | Killed a two-headed ogre
  1979 | D:12     | Reached skill level 16 in Stealth
  2002 | D:13     | Noticed a troll
  2002 | D:13     | Noticed a hill giant
  2005 | D:13     | Killed a hill giant
  2005 | D:13     | Reached skill level 17 in Stealth
  2005 | D:13     | Reached XP level 9. HP: 25/61 MP: 7/9
  2007 | D:13     | Killed a troll
  2190 | D:11     | Noticed a manticore
  2299 | D:10     | Noticed a hill giant
  2303 | D:10     | Slain by a hill giant

Vault maps used:
D:1:      saegor_arrival_simple_f
D:2:      nicolae_ru_path_of_blood
D:3:      lemuel_coloured_pillars_altar, hangedman_decor_push
D:4:      old_standard_altar, serial_shops, kennysheep_mini, first_bread
D:6:      minmay_diamond_boxcup, grunt_temple_overflow_magic_moments
D:7:      trog_eyes_of_draining, grunt_temple_overflow_octagram,
          minmay_misc_feat_four_crosses
D:8:      kennysheep_town
D:9:      kennysheep_opposing_triangles
D:11:     hiddenorc2_lemuel, hangedman_ranch, uniq_psyche
D:13:     basic_altar, minmay_statues_item
Temple:   corrupted_temple

Skill      XL: |  1  2  3  4  5  6  7  8 |
---------------+-------------------------+-----
Stealth        | 6 7 8 10 11 12 14 17 | 17.9
Fighting       | |  1.7
Short Blades   | |  2.1
Throwing       | |  1.5
Dodging        | |  1.1

Action                   |  1- 3 |  4- 6 |  7- 9 || total
-------------------------+-------+-------+-------++-------
Melee: Dagger            |    11 |    75 |   156 ||   242
       Bite              |       |     6 |    21 ||    27
 Fire: Blowgun           |    23 |    11 |     7 ||    41
 Abil: Bat Form          |     2 |     7 |     6 ||    15
       End Transformatio |     2 |     7 |     5 ||    14
Evoke: Wand              |       |       |     4 ||     4
  Use: Scroll            |       |     5 |     2 ||     7
       Potion            |       |     2 |       ||     2
 Stab: Sleeping          |     1 |    11 |    12 ||    24
  Eat: Corpse            |       |       |     1 ||     1
Armor: Robe              |     2 |    12 |    29 ||    43
Dodge: Dodged            |     7 |    47 |    58 ||   112
